 Dungeon Crawl Stone Soup version 0.30-a0-540-g0af01429fa (webtiles) character file.

Game seed: 6448500636416708518

12786 whiskeysaurus the Nimble (level 12, -15/84 HPs)
             Began as a Djinni Fire Elementalist on Dec 25, 2022.
             Was a High Priest of Makhleb.
             Demolished by a harpy simulacrum (20 damage)
             ... in an ice cave.
             The game lasted 00:41:07 (14929 turns).

whiskeysaurus the Nimble (DjFE)                    Turns: 14929, Time: 00:41:07

Health: -15/84     AC:  6    Str:  7    XL:     12   Next: 24%
Gold:   624        EV: 17    Int: 23    God:    Makhleb [*****.] SH:  0 Dex: 13

rFire   + + .      SeeInvis .    f - +1 glaive (pain)
rCold   . . .      Faith    .    (shield currently unavailable)
rNeg    . . .      Spirit   .    u - +1 leather armour {rC+}
rPois   ∞          Reflect  .    (no helmet)
rElec   .          Harm     .    (no cloak)
rCorr   .          Rampage  .    r - +1 pair of gloves
Will    +....                    (boots unavailable)
Stlth   +++                      (no amulet)
HPRegen 0.34/turn                s - ring of wizardry
MPRegen 0.00/turn                (no ring)

@: liquefying, flying, studying 2 skills, slowed movement, very slow
A: sickness immunity, fire resistance 2, cold vulnerability 1, float, innate
caster, HP casting, extra vitality 1
a: Renounce Religion, Minor Destruction, Lesser Servant of Makhleb, Major
Destruction, Greater Servant of Makhleb


You were in an ice cave.
You worshipped Makhleb.
Makhleb was extremely pleased with you.
You visited 1 branch of the dungeon, and saw 11 of its levels.
You also visited: Bailey and Ice Cave.

You collected 750 gold pieces.
You spent 126 gold pieces at shops.

Inventory:

Hand Weapons
 f - a +1 glaive of pain (weapon)
 k - a +0 dagger of electrocution
 H - the +1 sling "Lint" {freeze, Str+4}
   (You found it on level 9 of the Dungeon)

   Any ammunition fired from it freezes those it strikes, dealing additional
   cold damage.
   It can also slow down cold-blooded creatures.
   Str:       It affects your strength (+4).
Missiles
 M - a throwing net
Armour
 a - a +0 robe
 m - the +1 ring mail of Beczer {rElec Slay+4}
   (You found it on level 2 of the Dungeon)

   Slay:      It affects your accuracy & damage with ranged weapons and melee
   (+4).
   rElec:     It insulates you from electricity.
 r - a +1 pair of gloves (worn)
 u - a +1 leather armour of cold resistance (worn)
 A - +0 steam dragon scales
 E - a +2 robe of positive energy
 F - a +2 robe of fire resistance
Jewellery
 s - a ring of wizardry (left hand)
Wands
 d - a wand of roots (18)
 n - a wand of polymorph (13)
 v - a wand of flame (18)
 y - a wand of charming (17)
 B - a wand of mindburst (15)
Scrolls
 c - 2 scrolls of enchant armour
 h - a scroll of poison
 i - 2 scrolls of teleportation
 j - 4 scrolls of identify
 o - 4 scrolls of amnesia
 t - a scroll of enchant weapon
 D - 2 scrolls of fear
 G - a scroll of magic mapping
 L - a scroll of vulnerability {unknown}
Potions
 b - 2 potions of magic
 e - 5 potions of flight
 g - 7 potions of curing
 l - 2 potions of might
 p - 6 potions of heal wounds
 q - a potion of attraction
 w - 3 potions of lignification
 x - a potion of cancellation
 z - a potion of haste
 C - a potion of resistance
 I - a potion of brilliance {unknown}
 J - 2 potions of ambrosia {unknown}
 K - a potion of mutation {unknown}


   Skills:
 + Level 6.8 Fighting
 + Level 14.3 Dodging
 - Level 5.0 Stealth
 + Level 11.4 Spellcasting


You had 7 spell levels left.
You knew the following spells:

 Your Spells              Type           Power      Damage    Failure   Level
a - Foxfire               Conj/Fire      100%       2x1d9     1%          1
b - Scorch                Fire           100%       2d10      1%          2
c - Kindle Blastsparks    Fire/Tloc/Air  100%       2d18      1%          3
d - Inner Flame           Hex/Fire       60%        N/A       1%          3
e - Flame Wave            Conj/Fire      60%        2d14      1%          4
f - Summon Small Mammal   Summ           100%       N/A       1%          1
g - Passwall              Tmut/Erth      50%        N/A       1%          2
h - Call Imp              Summ           60%        N/A       1%          2
i - Leda's Liquefaction   Hex/Erth       30%        N/A       1%          4
j - Summon Lightning Spi  Summ/Air       60%        N/A       1%          4
Your spell library was empty.

Dungeon Overview and Level Annotations

Branches:
Dungeon (11/15)            Temple (0/1) D:5            Lair (0/5) D:10
 Bailey (visited)           IceCv (1/1)
    Orc: D:9-12

Altars:
Ashenzari
Cheibriados
Fedhas
Gozag
Makhleb
Nemelex Xobeh
Okawaru
Ru
Uskayaw
Wu Jian
Xom
Zin

Shops:
D:8 ?


Innate Abilities, Weirdness & Mutations

You are immune to sickness and miasma.
You are immune to poison.
Your flesh is very heat resistant. (rF++)
You are vulnerable to cold. (rC-)
You float through the air rather than walking.
You learn spells naturally, not from books.
Your magical power is your life essence.
You have superior vitality. (+4 MHP)


Message History

You kill the white imp!
Makhleb accepts your kill.
You feel better.
The flame wave engulfs the white imp!
The white imp is burned terribly!
You kill the white imp!
Makhleb accepts your kill.
You feel better.
You hear a sizzling sound!
A wave of flame ripples out!
The flame wave engulfs the ufetubus!
The ufetubus is burned terribly!
You kill the ufetubus!
Makhleb accepts your kill.
You feel better.
The flame wave engulfs the cane toad simulacrum!!
The cane toad simulacrum melts!
The cane toad simulacrum vaporises!
Makhleb accepts your kill.
You feel better.
You hear a sizzling sound!
Makhleb accepts your kill.
You feel better.
You feel a bit more experienced.
You hear a sizzling sound!
Makhleb accepts your kill.
You feel better.
You feel a bit more experienced.
You hear a sizzling sound!
You finish channelling waves of flame.
You hear an explosion!
Makhleb accepts your kill.
You feel better.
You feel a bit more experienced.
You are engulfed in freezing vapours.
A harpy simulacrum comes into view.
The harpy simulacrum claws you. The harpy simulacrum freezes you!!
The harpy simulacrum completely misses you.
The harpy simulacrum attacks as you move away!
The harpy simulacrum claws you. The harpy simulacrum freezes you!
* * * LOW HITPOINT WARNING * * *
The harpy simulacrum claws you.
* * * LOW HITPOINT WARNING * * *
The harpy simulacrum freezes you!!
You die...

#..## ###§#.#
###°....# #....°..#
##.§°.§##### .
##§.#§###..## ...
##§§#####....##
....Z##§§☼§##.......#
...Z.5§.#§§Z@...∩.∩.#
.....5.###§.........#
.....## ##..##....##
...Z# ######..## ...
#### .. #


You could see a harpy simulacrum.

Vanquished Creatures
  Pikel (D:7)
  An orc knight (Bailey)
  Joseph (D:10)
  Maggie (D:6)
  Psyche (D:8)
  A komodo dragon (D:10)
  A troll (D:5)
  A shadow (D:10)
  9 yaks
  2 wyverns (D:10)
  A death yak simulacrum (IceCv)
  An acid dragon (D:9)
  4 water moccasins
  2 black bears
  Duvessa (D:5)
  11 orc warriors
  4 ice beasts
  3 ogres
  2 centaurs
  A wolf (D:5)
  A lemure (D:7)
  3 phantoms
  2 kobold brigands (D:7)
  2 necrophages (D:5)
  A cane toad simulacrum (IceCv)
  2 gnoll sergeants
  6 bullfrogs
  7 scorpions
  4 wights (D:8)
  Dowan (D:5)
  3 howler monkeys (D:8)
  A gnoll bouda (D:6)
  9 hounds
  4 orc priests
  A jelly (D:6)
  4 iguanas
  14 orc wizards
  2 polar bear simulacra (IceCv)
  2 wolf simulacra (IceCv)
  4 adders
  28 gnolls
  A shadow imp (D:5)
  4 white imps
  2 ufetubi
  2 dart slugs
  A worm (D:5)
  60 orcs
  6 ball pythons
  10 endoplasms
  3 giant cockroaches
  8 goblins
  13 hobgoblins
  11 jackals
  4 quokkas
  4 bats
  3 frilled lizards (D:1)
  31 kobolds
  5 rats
318 creatures vanquished.

Vanquished Creatures (collateral kills)
  A hornet (D:9)
  2 wyverns (D:10)
  7 yaks
  2 water moccasins (D:10)
  3 acid dragons
  4 orc warriors
  A centaur (D:10)
  2 cane toad simulacra (IceCv)
  3 orc priests
  An iguana (D:4)
  An orc wizard (D:11)
  A wolf simulacrum (IceCv)
  A spriggan simulacrum (IceCv)
  A gnoll (Bailey)
  7 orcs
  A kobold (D:2)
  11 foxfires
49 creatures vanquished.

Vanquished Creatures (others)
  1590 foxfires
  2 fungi (D:10)
  52 plants
1644 creatures vanquished.

Grand Total: 2011 creatures vanquished

Notes
Turn   | Place    | Note
-------+----------+-------------------------------------------
     0 | D:1      | whiskeysaurus the Djinni Fire Elementalist began the quest
                  | for the Orb.
     0 | D:1      | whiskeysaurus set off with the following spells memorised:
                  | Foxfire, Scorch, Kindle Blastsparks, Inner Flame, Flame
                  | Wave.
     0 | D:1      | Reached XP level 1. HP: 15/15 MP: 0/0
   211 | D:1      | Reached XP level 2. HP: 13/21 MP: 0/0
   677 | D:1      | Reached XP level 3. HP: 21/25 MP: 0/0
   677 | D:1      | Learned a level 1 spell: Summon Small Mammal
  1228 | D:2      | Reached skill level 3 in Dodging
  1239 | D:2      | Reached XP level 4. HP: 5/31 MP: 0/0
  1970 | D:2      | Identified the +1 ring mail of Beczer {rElec Slay+4}
  2256 | D:2      | Reached XP level 5. HP: 31/35 MP: 0/0
  2256 | D:2      | Learned a level 2 spell: Passwall
  2925 | D:3      | Found a faded altar of an unknown god.
  3048 | D:3      | Noticed a black bear
  3079 | D:3      | Killed a black bear
  3080 | D:3      | Reached skill level 4 in Dodging
  3080 | D:3      | Reached XP level 6. HP: 14/40 MP: 0/0
  3837 | D:3      | Found a burning altar of Makhleb.
  3843 | D:3      | Became a worshipper of Makhleb the Destroyer
  4072 | D:4      | Reached XP level 7. HP: 42/45 MP: 0/0
  4072 | D:4      | Learned a level 2 spell: Call Imp
  4493 | D:4      | Found an iron altar of Okawaru.
  4563 | D:4      | Reached * piety under Makhleb
  4636 | D:4      | Reached skill level 5 in Dodging
  5016 | D:4      | Reached XP level 8. HP: 19/50 MP: 0/0
  5736 | D:5      | Entered Level 5 of the Dungeon
  6258 | D:6      | Reached skill level 6 in Dodging
  6440 | D:6      | Noticed Maggie
  6448 | D:6      | Killed Maggie
  6449 | D:6      | Reached skill level 5 in Stealth
  6449 | D:6      | Reached skill level 5 in Spellcasting
  6670 | D:6      | Reached ** piety under Makhleb
  6701 | D:5      | Reached skill level 7 in Dodging
  6701 | D:5      | Reached XP level 9. HP: 38/55 MP: 0/0
  6701 | D:5      | Learned a level 4 spell: Leda's Liquefaction
  6851 | D:5      | Noticed Dowan
  6857 | D:5      | Killed Dowan
  7282 | D:5      | Reached skill level 8 in Dodging
  7409 | D:5      | Found a staircase to the Ecumenical Temple.
  7513 | D:5      | Noticed a troll
  7518 | D:5      | Killed a troll
  7520 | D:5      | Found a broken altar of Ashenzari.
  7599 | D:5      | Noticed Duvessa
  7608 | D:5      | Killed Duvessa
  7933 | D:6      | Reached skill level 9 in Dodging
  8022 | D:6      | Found a glowing silver altar of Zin.
  8341 | D:6      | Reached XP level 10. HP: 52/60 MP: 0/0
  8966 | D:7      | Noticed Pikel
  8995 | D:7      | Killed Pikel
  9172 | D:7      | Reached skill level 10 in Dodging
  9180 | D:7      | Reached *** piety under Makhleb
  9795 | D:8      | Identified 2 scrolls of acquirement
  9795 | D:8      | Acquired a manual of Dodging
  9797 | D:8      | Acquired a manual of Spellcasting
  9805 | D:8      | Reached skill level 1 in Fighting
 10266 | D:8      | Found a hide-covered altar of Uskayaw.
 10469 | D:8      | Reached **** piety under Makhleb
 10478 | D:8      | Found a flagged portal.
 10488 | Bailey   | Entered a bailey
 10575 | Bailey   | Identified the +3 crystal plate armour "Sipeirae" {rPois
                  | Will+}
 10590 | Bailey   | Noticed an orc knight
 10681 | Bailey   | Killed an orc knight
 10682 | Bailey   | Reached skill level 11 in Dodging
 10682 | Bailey   | Reached XP level 11. HP: 65/71 MP: 0/0
 10682 | Bailey   | Learned a level 4 spell: Summon Lightning Spire
 11277 | D:8      | Noticed Psyche
 11288 | D:8      | Killed Psyche
 11289 | D:8      | Reached skill level 12 in Dodging
 11711 | D:8      | Found Evim's Magic Scroll Shoppe.
 11719 | D:8      | Bought a scroll of magic mapping for 82 gold pieces
 11719 | D:8      | Bought a scroll of fear for 44 gold pieces
 11811 | D:8      | Reached skill level 10 in Spellcasting
 11934 | D:8      | Reached ***** piety under Makhleb
 12099 | D:9      | Identified the +1 sling "Lint" {freeze, Str+4}
 12596 | D:9      | Reached skill level 5 in Fighting
 13052 | D:10     | Entered Level 10 of the Dungeon
 13071 | D:9      | Reached skill level 13 in Dodging
 13570 | D:10     | Noticed Joseph
 13583 | D:10     | Killed Joseph
 14164 | D:10     | Reached XP level 12. HP: 76/83 MP: 0/0
 14258 | D:10     | Reached skill level 14 in Dodging
 14297 | D:10     | Found a snail-covered altar of Cheibriados.
 14297 | D:10     | Found an opulent altar of Gozag.
 14300 | D:10     | Found a blossoming altar of Fedhas.
 14301 | D:10     | Found a sparkling altar of Nemelex Xobeh.
 14311 | D:10     | Found an ornate altar of the Wu Jian Council.
 14312 | D:10     | Found a shimmering altar of Xom.
 14337 | D:10     | Found a sacrificial altar of Ru.
 14487 | D:10     | Found a staircase to the Lair.
 14600 | D:11     | Found a frozen archway.
 14634 | IceCv    | Entered an ice cave
 14929 | IceCv    | Demolished by a harpy simulacrum

Illustrated notes

Levels and vault maps discovered:
D:1:      sevenhm_arrival_forest_fort_large_4, layout_basic
D:2:      layout_loops_ring, st_stairs_4, mrwooster_statue_mirror
D:3:      layout_rooms, marbit_many_paths, serial_corexii_hall,
          corexii_hall_statues_i, corexii_hall_statues_x,
          corexii_hall_statues_u, corexii_hall_statues_u,
          chequers_hall_statues_wall_a, corexii_hall_statues_x,
          shapermc_ecumenical_altar_ellora
D:4:      layout_loops_cross, nicolae_overflow_hidden_temple, serial_bayou,
          serial_bayou_pond_d, serial_bayou_lagoon_a, serial_bayou_pond_a,
          serial_bayou_shore_b, grunt_ministairs_14,
          chequers_serial_rivers_small_a, minmay_splitting_lines, st_stairs_6
D:5:      layout_cave_pools, cheibrodos_ashenzari_chains,
          minmay_temple_entry_slanted, serial_gnoll_camp, gnoll_camp_mini_hut,
          gnoll_camp_mini_doghouse, gnoll_camp_mini_hut,
          gnoll_camp_mini_loothouse, serial_bayou_pond_b, uniq_duvessa
D:6:      layout_basic, mainiacjoe_overflow_catwalk, serial_bayou_pond_c,
          grunt_ministairs_8, uniq_maggie
D:7:      layout_loops_ring, minmay_misc_feat_more_columns, uniq_pikel
D:8:      layout_cave_pools, eat_drink_and_be_merry_uskayaw, enter_bailey_5,
          special_room [special_room_orc], serial_shops, shop_fountains,
          uniq_psyche
D:9:      layout_loops_cross, lemuel_round_altar
D:10:     layout_cave_pools, grunt_temple_overflow_open,
          minmay_lair_entry_grove, corexii_hall_statues_i, uniq_joseph
D:11:     layout_grid_maze, portal_ice_cave_entry_pillars_2,
          nicolae_kikubaaqudgha_miasma_corner
IceCv:    ice_cave_small_necro

Skill      XL: |  1  2  3  4  5  6  7  8  9 10 11 12 |
---------------+-------------------------------------+-----
Stealth        | 2 3 4 5 |  5.0
Dodging        | 3 4 5 7 9 11 13 14 | 14.3
Spellcasting   | 3 4 5 7 9 10 11 | 11.4
Fighting       | 3 6 |  6.8

Action                   |  1- 3 |  4- 6 |  7- 9 | 10-12 || total
-------------------------+-------+-------+-------+-------++-------
Melee: Unarmed           |     7 |    10 |       |       ||    17
       Dagger            |       |     7 |     8 |     1 ||    16
       Glaive            |       |       |       |    14 ||    14
 Cast: Foxfire           |    91 |   195 |   300 |   436 ||  1022
       Summon Small Mamm |       |     3 |     2 |     1 ||     6
       Scorch            |       |     3 |    30 |   103 ||   136
       Kindle Blastspark |       |     2 |     8 |     5 ||    15
       Inner Flame       |       |     1 |    12 |    17 ||    30
       Call Imp          |       |       |    15 |    11 ||    26
       Flame Wave        |       |       |     2 |     3 ||     5
       Summon Lightning  |       |       |       |    25 ||    25
       Leda's Liquefacti |       |       |       |    15 ||    15
  Use: Scroll            |       |       |    11 |     7 ||    18
       Potion            |       |       |     2 |     1 ||     3
 Stab: Distracted        |       |       |       |     1 ||     1
Armor: Robe              |     2 |    12 |     5 |     3 ||    22
       Steam dragon scal |       |       |       |    14 ||    14
Dodge: Dodged            |    12 |    24 |    29 |    61 ||   126

Table legend: (Time is in decaauts)
 A = Elapsed time spent in this place.
 B = Non-inter-level travel time spent in this place.
 C = Inter-level travel time spent in this place.
 D = Time resting spent in this place.
 E = Time spent auto-exploring this place.
 F = Levels seen in this place.
 G = Mean time per level.
                   A        B        C        D        E       F      G
               +--------+--------+--------+--------+--------+-----+--------+
         Total |  14972 |  14520 |    452 |   3391 |   8518 |  13 | 1151.7 |
       Dungeon |  14099 |  13647 |    452 |   3165 |   8192 |  11 | 1281.7 |
        Bailey |    575 |    575 |      0 |     77 |    266 |   1 |  575.0 |
      Ice Cave |    297 |    297 |      0 |    149 |     60 |   1 |  297.0 |
               +--------+--------+--------+--------+--------+-----+--------+

Top non-repeatable levels by time:
     D:4: 2320 daAuts
     D:9: 1657 daAuts
     D:2: 1620 daAuts
     D:7: 1529 daAuts
     D:3: 1477 daAuts
     D:6: 1400 daAuts
     D:8: 1195 daAuts
     D:1: 1151 daAuts
     D:5: 897 daAuts
    D:10: 814 daAuts
  Bailey: 575 daAuts
   IceCv: 297 daAuts
    D:11: 35 daAuts
